Map: Celestial Enclave LE

Players

HoldTheDoor

  • Race: Zerg Zerg
  • League: Diamond
  • Spawn Location: 1:00

VOD

Have the link to the VOD?

Description

Time

  • Played on: May 11, 2026, 9 a.m.
  • Length: 8:39
Show
View Real Time Build Order
Export as new Build Order

HoldTheDoor Zerg 

Build Orders:  

Get SALT Encoding   

  12  0:05  Drone  
  13  0:19  Overlord  
  13  0:29  Drone  
  14  0:45  Drone  
  15  1:03  Spawning Pool  
  15  1:05  Drone  
  15  1:09  Drone  
  16  1:42  Hatchery  
  16  1:47  Drone  
  16  1:49  Drone  
  17  1:51  Drone  
  18  2:10  Zergling x2  
  19  2:25  Extractor  
  19  2:26  Drone  
  19  2:43  Drone  
  20  2:59  Queen  
  22  3:24  Drone x3  
  25  3:47  Drone x3  
  27  4:22  Drone  
  28  4:47  Roach Warren  
  27  4:52  Drone  
  28  5:04  Overlord x2  
  28  5:05  Overlord  
  28  5:25  Extractor  
  28  5:29  Queen  
  29  5:37  Drone  
  29  5:38  Drone  
  29  5:39  Drone  
  32  6:04  Roach x4  
  32  6:05  Roach  
  42  6:27  Queen  
  44  6:38  Metabolic Boost  
  44  6:41  Roach  
  44  6:42  Roach x2  
  50  7:17  Queen  
  52  8:13  Overlord x2  
  52  8:14  Overlord  
Tags
 
Add a new tag
Caveats
  • Supply blocks, unpowered buildings, or Contaminate may cause inaccurate times.
  • Supply counts are checked every 10 seconds.